 Dungeon Crawl Stone Soup version 0.28-a0-1241-gf280a0fbb2 (webtiles) character file.

Game seed: 12198449712420652928

521 fly the Sneak (level 7, -1/54 HPs)
             Began as a Formicid Delver on Dec 26, 2021.
             Slain by Pargi the unseen horror (7 damage)
             ... on level 4 of the Dungeon.
             The game lasted 00:07:23 (5749 turns).

fly the Sneak (Formicid Delver)                     Turns: 5749, Time: 00:07:23

Health: -1/54      AC:  5    Str: 17    XL:     7   Next: 46%
Magic:  9/9        EV: 12    Int: 11    God:
Gold:   44         SH:  0    Dex: 12    Spells: 6/8 levels left

rFire   . . .      SeeInvis +   a - +0 trident
rCold   . . .      Faith    .   (no shield)
rNeg    . . .      Spirit   .   y - +0 steam dragon scales
rPois   .          Reflect  .   (helmet unavailable)
rElec   .          Harm     .   (no cloak)
rCorr   .          Rampage  .   (no gloves)
Will    .....                   (no boots)
Stlth   +++.......              (no amulet)
HPRegen 0.18/turn               (no ring)
MPRegen 0.11/turn               (no ring)

@: mighty
A: permanent stasis, dig shafts and tunnels, antennae 3, four strong arms
a: Dig, Shaft Self


You were on level 4 of the Dungeon.
You visited 1 branch of the dungeon, and saw 5 of its levels.

You collected 164 gold pieces.
You spent 120 gold pieces at shops.

Inventory:

Hand Weapons
 a - a +0 trident (weapon)
Missiles
 b - 11 poisoned darts (quivered)
Armour
 y - +0 steam dragon scales (worn)
Wands
 f - a wand of digging (3)
 l - a wand of polymorph (7)
Scrolls
 c - a scroll of fog
 d - a scroll of magic mapping
 e - 2 scrolls of enchant armour
 g - 4 scrolls of enchant weapon
 i - a scroll of fear
 j - a scroll of amnesia {unknown}
 o - 2 scrolls of silence {unknown}
 p - a scroll of brand weapon {unknown}
 q - a scroll of summoning {unknown}
Potions
 h - a potion of curing
 m - a potion of haste {unknown}
 n - 2 potions of degeneration {unknown}


   Skills:
 + Level 4.0 Fighting
 - Level 2.0(2.8) Polearms
 + Level 3.1(3.4) Staves
 + Level 2.1 Slings
 + Level 3.4 Armour
 + Level 2.6 Dodging
 - Level 6.0 Stealth
 + Level 2.4 Shields
 + Level 1.4 Spellcasting
 + Level 1.3 Transmutations
 + Level 2.2 Invocations


You had 6 spell levels left.
You knew the following spells:

 Your Spells              Type           Power      Damage    Failure   Level
w - Wereblood             Tmut           3%         N/A       26%         2

Your spell library contained the following spells:

 Spells                   Type           Power      Damage    Failure   Level
 Beastly Appendage        Tmut           6%         N/A       17%         1
 Passwall                 Tmut/Erth      1%         N/A       34%         2
 Ensorcelled Hibernation  Hex/Ice        0%         N/A       43%         2
 Spider Form              Tmut/Pois      2%         N/A       56%         3
 Swiftness                Air            Unusable   N/A       N/A         3

Dungeon Overview and Level Annotations

Branches:
Dungeon (5/15)
 Temple: D:4-7

Altars:
Dithmenos
Nemelex Xobeh
Vehumet
Xom
Yredelemnul

Shops:
D:2 !

Annotations:
D:4 Pargi


Innate Abilities, Weirdness & Mutations

You cannot be hasted, slowed, berserked, paralysed or teleported.
You can dig through walls and to a lower floor.
You have a pair of large antennae on your head. (SInv)
Your four strong arms can wield two-handed weapons with a shield.


Message History

Pargi is heavily wounded.
Pargi hits you but does no damage.
Unknown command.
You hit Pargi.
Pargi is heavily wounded.
Pargi barely misses you. Pargi closely misses you.
Unknown command.
You barely miss Pargi.
Pargi is heavily wounded.
Pargi hits you.
* * * LOW HITPOINT WARNING * * *
Unknown command.
You feel better. Pargi hits you.
* * * LOW HITPOINT WARNING * * *
Pargi hits you.
* * * LOW HITPOINT WARNING * * *
You feel very mighty all of a sudden. Pargi hits you!
* * * LOW HITPOINT WARNING * * *
Pargi hits you.
* * * LOW HITPOINT WARNING * * *
You feel better. Pargi hits you but does no damage.
You closely miss Pargi.
Pargi is heavily wounded.
Pargi hits you.
* * * LOW HITPOINT WARNING * * *
Pargi hits you.
* * * LOW HITPOINT WARNING * * *
Unknown command.
You feel better. Pargi barely misses you.
You barely miss Pargi.
Pargi is heavily wounded.
Pargi hits you but does no damage.
Unknown command.
You closely miss Pargi.
Pargi is heavily wounded.
Pargi hits you.
* * * LOW HITPOINT WARNING * * *
Pargi hits you!
You die...

#####.......####
#......########
............#
##....#...<.[..
...........#
##....########
.[J.......# #..###
.........# #).#
........# #..#
#{......# #..#
#..#.############..#
#)).......Jx@......#
#.##.############.##
#<## # ####.# #.#
#....# #.# #.#### {
#.# #.# #.# #.# #.#
#># #.# #.#


You could see Pargi the unseen horror (invisible) and an endoplasm.

Vanquished Creatures
  Sigmund (D:4)
  A phantom (D:2)
  A killer bee (D:4)
  A hound (D:4)
  A bullfrog skeleton (D:4)
  A centaur skeleton (D:4)
  A gnoll shaman (D:4)
  A gnoll (D:4)
  4 adders
  An adder skeleton (D:3)
  A worm (D:2)
  3 dart slugs
  4 orcs
  4 ball pythons
  6 endoplasms
  A giant cockroach (D:3)
  7 goblins
  8 hobgoblins
  4 jackals (D:1)
  4 kobolds
  2 quokkas
  A ball python skeleton (D:3)
  5 bats
  8 frilled lizards
  4 rats (D:1)
75 creatures vanquished.

Notes
Turn   | Place    | Note
-------+----------+-------------------------------------------
     0 | D:5      | fly the Formicid Delver began the quest for the Orb.
     0 | D:5      | Reached XP level 1. HP: 18/18 MP: 1/1
    15 | D:5      | Noticed a scorpion
    22 | D:5      | Noticed an iguana
    60 | D:4      | Noticed Pargi
   203 | D:4      | Noticed a steam dragon
   203 | D:4      | Noticed a hound
   304 | D:4      | You fall into a shaft and drop 1 floor!
   304 | D:5      | Noticed a black bear
   304 | D:5      | Found a shimmering altar of Xom.
   594 | D:5      | Reached skill level 1 in Armour
   594 | D:5      | Reached XP level 2. HP: 24/24 MP: 2/2
   693 | D:5      | Noticed a phantom
   848 | D:2      | Reached skill level 1 in Staves
  1344 | D:1      | Reached XP level 3. HP: 22/29 MP: 3/3
  2265 | D:2      | Found a basalt altar of Yredelemnul.
  2374 | D:2      | Reached XP level 4. HP: 18/30 MP: 4/4
  3126 | D:2      | Found a faded altar of an unknown god.
  3246 | D:2      | Found Systred's Distillery.
  3255 | D:2      | Bought 2 potions of curing for 60 gold pieces
  3255 | D:2      | Bought a potion of curing for 30 gold pieces
  3255 | D:2      | Bought a potion of curing for 30 gold pieces
  3456 | D:2      | Killed a phantom
  3457 | D:2      | Reached skill level 1 in Slings
  3457 | D:2      | Reached skill level 1 in Shields
  3457 | D:2      | Reached skill level 1 in Invocations
  3457 | D:2      | Reached XP level 5. HP: 21/41 MP: 5/5
  4573 | D:3      | Found a radiant altar of Vehumet.
  4573 | D:3      | Found a sparkling altar of Nemelex Xobeh.
  4573 | D:3      | Found a shadowy altar of Dithmenos.
  4813 | D:3      | Learned a level 2 spell: Wereblood
  4893 | D:4      | Reached XP level 6. HP: 36/47 MP: 7/7
  4943 | D:4      | a steam dragon changed into a killer bee
  5415 | D:4      | Reached skill level 1 in Transmutations
  5670 | D:4      | Noticed Sigmund
  5682 | D:4      | Killed Sigmund
  5683 | D:4      | Reached skill level 1 in Spellcasting
  5683 | D:4      | Reached XP level 7. HP: 54/54 MP: 7/9
  5727 | D:4      | Noticed Pargi
  5727 | D:4      | Pargi changed into Pargi the unseen horror
  5749 | D:4      | Slain by Pargi the unseen horror

Illustrated notes

Levels and vault maps discovered:
D:1:      lightli_arrival_maybe_door_vault, layout_basic
D:2:      layout_loops_ring, serial_shops, shop,
          shapermc_ecumenical_altar_flowoftime, basic_altar, grunt_decor_cap
D:3:      layout_loops_ring, gammafunk_temple_overflow_forgotten, minmay_vboxes
D:4:      layout_loops_ring, minmay_goblin_kobold_house, uniq_ijyb,
          uniq_sigmund, uniq_pargi, uniq_eustachio
D:5:      layout_gridville, marbit_many_paths, nicolae_overflow_crystal_walls,
          minmay_temple_entry_nine_rooms, minmay_misc_feat_encased

Skill      XL: |  1  2  3  4  5  6 |
---------------+-------------------+-----
Armour         | 1 2 3 |  3.4
Staves         | 1 2 3 |  3.1
Slings         | 1 2 |  2.1
Dodging        | 2 |  2.6
Shields        | 1 2 |  2.4
Invocations    | 1 2 |  2.2
Transmutations | 1 |  1.3
Fighting       | 4 |  4.0
Spellcasting   | 1 |  1.4
Polearms       | |  2.0
Stealth        | |  6.0

Action                   |  1- 3 |  4- 6 |  7- 9 || total
-------------------------+-------+-------+-------++-------
Melee: Spear             |   169 |    21 |       ||   190
       Trident           |       |   163 |    12 ||   175
Throw: Dart              |    20 |    22 |       ||    42
 Abil: Shaft Self        |     1 |       |       ||     1
       Dig               |     2 |       |       ||     2
Evoke: Wand              |       |     1 |     1 ||     2
  Use: Scroll            |     3 |       |       ||     3
       Potion            |       |     1 |     4 ||     5
 Stab: Sleeping          |     6 |     2 |       ||     8
Armor: Leather armour    |     6 |       |       ||     6
       Scale mail        |    64 |    48 |       ||   112
       Steam dragon scal |       |     9 |     4 ||    13
Dodge: Dodged            |    87 |    99 |     7 ||   193

Table legend: (Time is in decaauts)
 A = Elapsed time spent in this place.
 B = Non-inter-level travel time spent in this place.
 C = Inter-level travel time spent in this place.
 D = Time resting spent in this place.
 E = Time spent auto-exploring this place.
 F = Levels seen in this place.
 G = Mean time per level.
                   A        B        C        D        E       F      G
               +--------+--------+--------+--------+--------+-----+--------+
         Total |   5780 |   5571 |    209 |    303 |   3962 |   5 | 1156.0 |
       Dungeon |   5780 |   5571 |    209 |    303 |   3962 |   5 | 1156.0 |
               +--------+--------+--------+--------+--------+-----+--------+

Top non-repeatable levels by time:
     D:2: 1571 daAuts
     D:3: 1522 daAuts
     D:1: 1193 daAuts
     D:4: 1004 daAuts
     D:5: 488 daAuts
